 Dungeon Crawl Stone Soup version 0.27.1 (webtiles) character file.

Game seed: 6435035441614592965

69815 Kinoniko the Bludgeoner (level 14, -4/127 HPs)
             Began as a Minotaur Fighter on Sept 1, 2021.
             Was the Champion of Okawaru.
             Killed from afar by a starcursed mass (5 damage)
             ... with an accursed screaming
             ... on level 2 of the Abyss.
             The game lasted 00:21:47 (17901 turns).

Kinoniko the Bludgeoner (Minotaur Fighter)         Turns: 17901, Time: 00:21:48

Health: -4/127     AC: 30    Str: 26      XL:     14   Next: 91%
Magic:  12/16      EV: 15    Int:  3 (5)  God:    Okawaru [******]
Gold:   1689       SH:  0    Dex:  6      Spells: 13/13 levels left

rFire    . . .     SeeInvis .   K - +5 dire flail (vamp)
rCold    . . .     Faith    .   (shield currently unavailable)
rNeg     . . .     Spirit   .   N - +0 plate armour
rPois    .         Reflect  .   (helmet restricted)
rElec    .         Harm     .   r - +2 cloak
rCorr    .         Rampage  .   e - +1 pair of gloves
Will     +....                  i - +1 pair of boots
Stlth    ..........             d - amulet of the acrobat
HPRegen  0.00/turn              j - +4 ring of protection
MPRegen  0.15/turn              I - +4 ring of evasion

@: about to teleport, heroic, finesse-ful, very slightly contaminated, mildly
diseased, invisible
A: horns 2, retaliatory headbutt, [clumsy 2]
a: Renounce Religion, Heroism, Finesse


You were on level 2 of the Abyss.
You worshipped Okawaru.
Okawaru was exalted by your worship.
You visited 3 branches of the dungeon, and saw 18 of its levels.
You visited the Abyss 1 time.

You collected 1689 gold pieces.

Inventory:

Hand Weapons
 a - a +0 flail
 l - the +5 mace of Naiwatur {freeze, Str+3}
   (You found it on level 5 of the Dungeon)

   It freezes those it strikes, dealing additional cold damage.
   It can also slow down cold-blooded creatures.
   Str:       It affects your strength (+3).
 t - a +2 spear of flaming
 z - a +3 broad axe
 H - a +2 great mace of draining
 K - a +5 vampiric dire flail (weapon)
Missiles
 f - 6 throwing nets (quivered)
Armour
 b - a +0 scale mail
 c - a +0 kite shield
 e - a +1 pair of gloves (worn)
 i - a +1 pair of boots (worn)
 r - a +2 cloak (worn)
 u - a +2 buckler
 y - a +0 chain mail
 N - a +0 plate armour (worn)
Jewellery
 d - an amulet of the acrobat (around neck)
 j - a +4 ring of protection (left hand)
 n - a ring of willpower
 q - a ring of fire
 s - a +6 ring of dexterity
 v - a ring of positive energy
 I - a +4 ring of evasion (right hand)
 J - a +6 ring of intelligence
Wands
 C - a wand of iceblast (42)
 E - a wand of paralysis (7)
 M - a wand of flame (35)
 R - a wand of polymorph (17)
Scrolls
 h - 5 scrolls of fear
 m - 3 scrolls of amnesia
 o - 2 scrolls of teleportation
 w - 5 scrolls of magic mapping
 B - 3 scrolls of fog
 Q - 2 scrolls of blinking
 S - a scroll of summoning
Potions
 g - 6 potions of ambrosia
 p - 5 potions of flight
 x - 4 potions of magic
 A - 6 potions of lignification
 F - 2 potions of attraction
 G - 2 potions of brilliance
 L - 5 potions of mutation
 P - a potion of cancellation {unknown}
Miscellaneous
 T - a tin of tremorstones (2/2)


   Skills:
 + Level 12.7(17.7) Fighting
 * Level 19.7(24.7) Maces & Flails
 + Level 10.7(15.7) Armour
 + Level 15.9(20.9) Dodging
 + Level 6.6(11.6) Shields
 - Level 4.2 Invocations


You had 13 spell levels left.
You didn't know any spells.
Your spell library contained the following spells:

 Spells                   Type           Power      Damage    Failure   Level
 Animate Skeleton         Necr           0%         N/A       99%         1
 Freeze                   Ice            0%         1d3       99%         1
 Pain                     Necr           0%         1d4       99%         1
 Slow                     Hex            0%         N/A       99%         2
 Confusing Touch          Hex            0%         N/A       100%        3
 Conjure Flame            Conj/Fire      0%         6-21      100%        3
 Frozen Ramparts          Ice            0%         1d2       100%        3
 Ignite Poison            Fire/Tmut/Pois 0%         N/A       100%        3
 Mephitic Cloud           Conj/Pois/Air  0%         N/A       100%        3
 Vampiric Draining        Necr           0%         2d6       100%        3
 Hailstorm                Conj/Ice       0%         3d3       100%        4
 Ice Form                 Ice/Tmut       0%         N/A       100%        4
 Sticky Flame             Conj/Fire      0%         2d3       100%        4
 Summon Ice Beast         Ice/Summ       0%         N/A       100%        4
 Bolt of Magma            Conj/Fire/Erth 0%         4d4       100%        5


Dungeon Overview and Level Annotations

Branches:
Dungeon (11/15)            Temple (1/1) D:7            Lair (6/6) D:10
 Shoals (0/4) Lair:4       Spider (0/4) Lair:2        Slime (0/5) Lair:5
    Orc: D:9-12

Altars:
Ashenzari
Cheibriados
Dithmenos
Elyvilon
Fedhas
Gozag
Hepliaklqana
Kikubaaqudgha
Makhleb
Nemelex Xobeh
Okawaru
Qazlal
Ru
Sif Muna
Trog
Uskayaw
Vehumet
Wu Jian
Xom
Yredelemnul
Zin
The Shining One
Lugonu

Shops:
D:6 *

Annotations:
D:11 Erolcha, Snorg
Lair:4 exclusion: 4 oklob plants


Innate Abilities, Weirdness & Mutations

You have a pair of horns on your head.
You reflexively headbutt those who attack you in melee.
[You are very clumsy. (Dex -4)]


Message History

Unknown command.
Unknown command.
You barely miss the wretched star. Your headbutt misses the wretched star.
The large abomination hits you!
* * * LOW HITPOINT WARNING * * *
Unknown command.
Unknown command.
Unknown command.
You bludgeon the wretched star!!
The wretched star is heavily damaged.
The wretched star glows turbulently.
The lance of force hits you but does no damage.
Unknown command.
Unknown command.
Unknown command.
You completely miss the wretched star. You headbutt the wretched star!
The wretched star is heavily damaged.
The starcursed mass completely misses you.
The starcursed mass closely misses you. The starcursed mass misses you.
Unknown command.
Unknown command.
You hit the wretched star but do no damage.
You headbutt the wretched star.
The wretched star is heavily damaged.
Unknown command.
Unknown command.
Unknown command.
You puncture the wretched star!
The wretched star is severely damaged.
The wretched star pulses with an eldritch light!
You feel clumsy. x2
Unknown command.
Unknown command.
Unknown command.
Unknown command.
You closely miss the wretched star. You headbutt the wretched star!
The wretched star is almost destroyed.
The starcursed mass touches you but does no damage. x2
A chorus of shrieks assaults your mind.
You die...

#.. ..## ≈≈≈≈♣ ##
≈≈≈ #.. #..# #.
..#.§ ##.#.#..#
#....##X# .#
##.*@#§ #
§#...#XXXX.§.§
..#..##.##.####.#
... ## #§.§#####
. .. .. .#...# .
#. ###.# .##.
#### ## . . . ##
. .# # . #.#.. #


You could see 4 starcursed masses, a wretched star and a large abomination.

Vanquished Creatures
  A draconian shifter (Abyss:2)
  Fannar (D:10)
  12 hydras
  4 catoblepae
  A two-headed ogre (D:10)
  2 tengu warriors
  A lindwurm (Lair:4)
  An orange crystal statue (D:10)
  Pikel (D:7)
  3 oklob plants
  5 wolf spiders
  A cyclops (D:11)
  15 elephants
  8 black mambas
  A guardian serpent (Lair:6)
  12 cane toads
  A gargoyle (D:10)
  4 rime drakes
  12 komodo dragons
  An ancient zyme (Abyss:2)
  4 hornets
  3 trolls
  4 polar bears
  11 blink frogs
  A jumping spider (Lair:2)
  Prince Ribbit (D:5)
  A snapping turtle (Lair:4)
  2 starcursed masses (Abyss:2)
  14 wyverns
  3 redbacks (Lair:6)
  3 wraiths
  2 basilisks
  38 yaks
  Grum (D:9)
  3 fire bats (Lair:1)
  A steam dragon (D:10)
  3 vampire mosquitoes (D:11)
  25 water moccasins
  A hornet zombie (D:9)
  2 sky beasts
  An ice beast (D:6)
  8 wolves
  4 ogres
  A phantom (D:5)
  5 centaurs
  3 lemures (D:7)
  8 bullfrogs
  A gnoll sergeant (D:5)
  6 scorpions
  A water moccasin skeleton (D:5)
  3 wights (D:8)
  10 killer bees (D:9)
  An electric eel (Lair:4)
  2 centaur zombies
  2 jellies
  3 orc priests
  5 hounds
  A bullfrog skeleton (D:4)
  A gnoll shaman (D:4)
  2 centaur skeletons (D:4)
  4 iguanas
  2 orc wizards
  7 hell rats (Lair:6)
  A hound skeleton (D:4)
  3 howler monkey zombies
  12 adders
  16 gnolls
  2 white imps (D:8)
  An ufetubus (D:6)
  A worm (D:3)
  An adder skeleton (D:5)
  2 dart slugs
  The ghost of Descartes the Sneak, a weakling FeDe (D:5)
  10 orcs
  8 bats
  11 endoplasms
  11 giant cockroaches
  6 goblins
  9 hobgoblins
  5 jackals
  7 kobolds
  2 quokkas (D:3)
  5 ball pythons
  6 frilled lizards
  2 rats (D:3)
  A bush (Lair:4)
414 creatures vanquished.

Vanquished Creatures (others)
  A starcursed mass (Abyss:2)
  A quokka (D:8)
  23 fungi
  82 plants
107 creatures vanquished.

Grand Total: 521 creatures vanquished

Notes
Turn   | Place    | Note
-------+----------+-------------------------------------------
     0 | D:1      | Kinoniko the Minotaur Fighter began the quest for the Orb.
     0 | D:1      | Reached XP level 1. HP: 19/19 MP: 0/0
   103 | D:1      | Reached skill level 3 in Maces & Flails
   167 | D:1      | Reached XP level 2. HP: 26/26 MP: 1/1
  1036 | D:2      | Noticed a scorpion
  1045 | D:2      | Reached XP level 3. HP: 23/31 MP: 2/2
  1052 | D:2      | Killed a scorpion
  1053 | D:2      | Reached skill level 4 in Maces & Flails
  1053 | D:2      | Reached XP level 4. HP: 17/39 MP: 3/3
  1608 | D:2      | Reached XP level 5. HP: 44/45 MP: 4/4
  1611 | D:2      | Reached skill level 5 in Maces & Flails
  2092 | D:2      | Found a faded altar of an unknown god.
  2637 | D:3      | Reached skill level 5 in Armour
  3112 | D:4      | Reached skill level 6 in Maces & Flails
  3112 | D:4      | Reached XP level 6. HP: 51/51 MP: 5/5
  3577 | D:4      | Reached skill level 7 in Maces & Flails
  3577 | D:4      | Reached XP level 7. HP: 51/57 MP: 6/6
  4090 | D:4      | Found a stormy altar of Qazlal.
  4224 | D:4      | Reached skill level 8 in Maces & Flails
  4238 | D:5      | Entered Level 5 of the Dungeon
  4311 | D:5      | Identified the +5 mace of Naiwatur {freeze, Str+3}
  4387 | D:5      | Reached skill level 9 in Maces & Flails
  4391 | D:5      | Reached XP level 8. HP: 62/64 MP: 7/7
  4608 | D:5      | Noticed Prince Ribbit
  4625 | D:5      | Killed Prince Ribbit
  4626 | D:5      | Reached skill level 10 in Maces & Flails
  4769 | D:5      | Found a runed translucent door.
  4778 | D:5      | Noticed Descartes's ghost (weakling FeDe)
  4787 | D:5      | Killed Descartes's ghost
  5060 | D:5      | Identified a scroll of acquirement
  5061 | D:5      | Acquired 491 gold pieces
  5086 | D:6      | Reached skill level 11 in Maces & Flails
  5285 | D:6      | Found a hide-covered altar of Uskayaw.
  5312 | D:6      | Found Gozag's Platinum Reserve.
  5312 | D:6      | Found an opulent altar of Gozag.
  5457 | D:6      | Reached XP level 9. HP: 70/70 MP: 8/8
  5462 | D:6      | Found a basalt altar of Yredelemnul.
  5750 | D:7      | Noticed Pikel
  5774 | D:7      | Killed Pikel
  5775 | D:7      | Reached skill level 12 in Maces & Flails
  5817 | D:7      | Found a staircase to the Ecumenical Temple.
  5855 | Temple   | Entered the Ecumenical Temple
  6254 | Temple   | Became a worshipper of Warmaster Okawaru
  6304 | D:7      | Found a snail-covered altar of Cheibriados.
  6485 | D:7      | Found a shimmering blue altar of Sif Muna.
  6487 | D:7      | Found a hazy altar of Hepliaklqana.
  6608 | D:8      | Noticed a troll
  6719 | D:8      | Killed a troll
  6720 | D:8      | Reached skill level 13 in Maces & Flails
  6720 | D:8      | Reached skill level 1 in Invocations
  7000 | D:8      | Found a broken altar of Ashenzari.
  7081 | D:8      | Found a shadowy altar of Dithmenos.
  7142 | D:8      | Found a white marble altar of Elyvilon.
  7201 | D:8      | Reached XP level 10. HP: 80/80 MP: 10/10
  7227 | D:8      | Reached * piety under Okawaru
  7405 | D:9      | Noticed Grum
  7418 | D:9      | Reached skill level 5 in Fighting
  7432 | D:9      | Killed Grum
  7622 | D:9      | Reached skill level 14 in Maces & Flails
  7628 | D:9      | Reached ** piety under Okawaru
  8048 | D:9      | Acquired a manual of Dodging
  8098 | D:9      | Reached skill level 1 in Dodging
  8674 | D:10     | Entered Level 10 of the Dungeon
  8694 | D:10     | Found a staircase to the Lair.
  8749 | D:10     | Noticed a gargoyle
  8751 | D:10     | Noticed a tengu warrior
  8762 | D:10     | Killed a gargoyle
  8769 | D:10     | Killed a tengu warrior
  8769 | D:10     | Reached *** piety under Okawaru
  8772 | D:10     | Reached XP level 11. HP: 81/92 MP: 11/13
  8840 | D:10     | Noticed an orange crystal statue
  8850 | D:10     | Noticed a tengu warrior
  8850 | D:10     | Noticed a two-headed ogre
  8866 | D:9      | Killed a tengu warrior
  8867 | D:9      | Reached skill level 15 in Maces & Flails
  8940 | D:10     | Killed a two-headed ogre
  8940 | D:10     | Reached **** piety under Okawaru
  8990 | D:10     | Noticed Fannar
  9005 | D:10     | Killed Fannar
  9006 | D:10     | Reached skill level 5 in Dodging
  9519 | D:10     | Noticed a two-headed ogre
  9581 | Lair:1   | Entered Level 1 of the Lair of Beasts
  9622 | Lair:1   | Noticed a seven-headed hydra
  9630 | Lair:1   | Killed a seven-headed hydra
  9797 | Lair:1   | Reached ***** piety under Okawaru
  9805 | Lair:1   | Noticed a four-headed hydra
  9815 | Lair:1   | Killed a four-headed hydra
  9920 | Lair:1   | Noticed an eight-headed hydra
  9934 | Lair:1   | Killed an eight-headed hydra
  9935 | Lair:1   | Reached skill level 16 in Maces & Flails
 10539 | Lair:1   | Noticed an eight-headed hydra
 10540 | Lair:1   | Noticed a seven-headed hydra
 10549 | Lair:1   | Killed a seven-headed hydra
 10551 | Lair:1   | Killed an eight-headed hydra
 10551 | Lair:1   | Identified the -1 kite shield of Xecvofuw {rF- Int+4}
                  | (Okawaru gifted it to you on level 1 of the Lair of Beasts)
 10551 | Lair:1   | Received a gift from Okawaru
 10713 | Lair:1   | Reached XP level 12. HP: 95/105 MP: 14/14
 10981 | Lair:2   | Reached skill level 17 in Maces & Flails
 11016 | Lair:2   | Reached XP level 13. HP: 113/113 MP: 15/15
 11224 | Lair:2   | Found a hole to the Spider Nest.
 11234 | Lair:2   | Reached skill level 10 in Fighting
 12190 | Lair:3   | Reached ****** piety under Okawaru
 12884 | Lair:4   | Found a staircase to the Shoals.
 13156 | Lair:4   | Received a gift from Okawaru
 13157 | Lair:4   | Reached skill level 18 in Maces & Flails
 13962 | Lair:5   | Found a staircase to the Slime Pits.
 13978 | Lair:5   | Reached skill level 15 in Dodging
 14327 | Lair:5   | Reached XP level 14. HP: 121/124 MP: 16/16
 15016 | Lair:6   | Entered Level 6 of the Lair of Beasts
 15023 | Lair:6   | Received a gift from Okawaru
 15132 | Lair:6   | Reached skill level 19 in Maces & Flails
 15363 | Lair:6   | Paralysed by a hornet for 2 turns
 15369 | Lair:6   | Reached skill level 10 in Armour
 15370 | Lair:6   | Reached skill level 5 in Shields
 16635 | Lair:6   | Received a gift from Okawaru
 17402 | D:10     | Found a glowing silver altar of Zin.
 17765 | D:11     | Noticed Erolcha
 17765 | D:11     | Noticed Snorg
 17769 | D:11     | Cast into level 2 of the Abyss (Erolcha)
 17790 | Abyss:2  | Noticed a white draconian shifter
 17815 | Abyss:2  | Killed a white draconian shifter
 17867 | Abyss:2  | Noticed a starcursed mass
 17870 | Abyss:2  | Paralysed by accursed screaming for 1 turns
 17885 | Abyss:2  | Paralysed by accursed screaming for 1 turns
 17896 | Abyss:2  | HP: 1/127 [large abomination (13)]
 17901 | Abyss:2  | Killed from afar by a starcursed mass

Illustrated notes

Levels and vault maps discovered:
D:1:      shiori_arrival_oz, layout_basic, serial_aquarium,
          aquarium_bridge_square [aquarium_subvault_bridge,
          aquarium_subvault_wall, aquarium_subvault_bridge,
          aquarium_subvault_bridge], aquarium_window_2, aquarium_window_corner,
          aquarium_view_2d, aquarium_pool_side, fountainhead, st_stairs_7,
          minmay_octomino_j4
D:2:      minmay_roachtagon, layout_loops_ring, serial_co_window_serial,
          co_window_paths_a, co_window_corner_a, co_window_paths_a,
          co_window_paths_a, co_window_paths_b, co_window_unsneaky_path_c,
          co_window_broadway_a, co_window_2corner, co_window_corner_cb,
          co_window_corner_cb, glass_columns_b,
          hellmonk_ecumenical_altar_leap_of_faith, kennysheep_generic_room_10
D:3:      layout_basic, minmay_bisected
D:4:      layout_loops_corners, old_standard_altar
D:5:      layout_loops_ring, ebering_ghost_sewer_d, uniq_prince_ribbit1
D:6:      layout_rooms, lemuel_round_altar, lemuel_coloured_pillars_altar,
          nicolae_gozag_zags_fifth_avenue
D:7:      layout_rooms, minitemple, temple_hall, chequers_serial_rivers_micro_a,
          uniq_pikel
D:8:      layout_rooms, mainiacjoe_overflow_tiny_flanked,
          mainiacjoe_overflow_24_doors, elyvilon_altar_4
D:9:      layout_loops_cross, uniq_grum
D:10:     layout_gridville, zin_scriptorium, lair_entry_dummy,
          minmay_misc_feat_enclosed, minmay_statue_bubble, uniq_fannar
D:11:     layout_gridville, uniq_erolcha, uniq_urug, uniq_snorg
Temple:   kb_corrupted_temple
Lair:1:   layout_gridlike
Lair:2:   layout_concentric_octagons, spider_nest_entry_funnel_web
Lair:3:   layout_roguey, infiniplex_staircase_pool_2
Lair:4:   layout_loops_ring, minmay_shoals_entry_hut, minmay_lair_oklob_bushes,
          wad_woods_road_03, dpeg_oklob_1, grunt_megastairs_2
Lair:5:   layout_cave_pods, nicolae_slime_entry_slimehenge,
          nicolae_lair_grove_arrangements
Lair:6:   hangedman_lair_tendril_chambers, layout_concentric_octagons,
          lemuel_fruit_tree
Abyss:2:  base: D:8, evilmike_abyss_exit_kraken, evilmike_abyss_exit_9,
          evilmike_abyss_exit_glass, due_exit_kobolds

Skill      XL: |  1  2  3  4  5  6  7  8  9 10 11 12 13 14 |
---------------+-------------------------------------------+-----
Maces & Flails | 3 4 6 7 9 11 13 14 16 17 18 19 | 19.7
Armour         | 4 5 6 7 8 9 10 | 10.7
Shields        | 4 6 |  6.6
Fighting       | 4 7 9 11 12 | 12.7
Invocations    | 2 4 |  4.2
Dodging        | 3 8 14 15 | 15.9

Action                   |  1- 3 |  4- 6 |  7- 9 | 10-12 | 13-15 || total
-------------------------+-------+-------+-------+-------+-------++-------
Melee: Flail             |    74 |   131 |    42 |       |       ||   247
       Headbutt          |     6 |    23 |    34 |    67 |   180 ||   310
       Mace              |       |       |   175 |   183 |       ||   358
       Dire flail        |       |       |       |   131 |   749 ||   880
Invok: Heroism           |       |       |       |     4 |     3 ||     7
       Finesse           |       |       |       |     1 |     2 ||     3
  Use: Scroll            |       |     8 |     6 |    10 |    11 ||    35
       Potion            |       |     1 |     1 |     3 |    10 ||    15
 Stab: Petrified         |       |       |       |       |     4 ||     4
Armor: Scale mail        |    55 |    71 |    85 |     1 |       ||   212
       Chain mail        |       |       |       |   203 |    78 ||   281
       Plate armour      |       |       |       |       |   281 ||   281
Dodge: Dodged            |    28 |    66 |   107 |   245 |   585 ||  1031
Block: Kite shield       |    47 |    34 |    47 |       |       ||   128
       Buckler           |       |       |    27 |    54 |       ||    81
